 Dungeon Crawl Stone Soup version 0.29.1-1-gd02db6906a (webtiles) character file.

Game seed: 17301476300012268857

266 EvilAshe the Slicer (level 6, 0/37 HPs)
             Began as a Kobold Berserker on Sept 21, 2022.
             Was a Believer of Trog.
             Killed from afar by an orc wizard (6 damage)
             ... with a magic dart
             ... on level 4 of the Dungeon.
             The game lasted 00:06:49 (2144 turns).

EvilAshe the Slicer (Kobold Berserker)              Turns: 2144, Time: 00:06:49

Health: 0/37       AC:  8    Str: 17    XL:     6   Next: 44%
Magic:  6/6        EV:  9    Int:  8    God:    Trog [**....]
Gold:   109        SH:  0    Dex: 14    Spells: 5/5 levels left

rFire   . . .      SeeInvis .   a - +0 short sword
rCold   . . .      Faith    .   (no shield)
rNeg    . . .      Spirit   .   m - +0 chain mail
rPois   .          Reflect  .   (no helmet)
rElec   .          Harm     .   (no cloak)
rCorr   .          Rampage  .   (no gloves)
Will    ++...                   (no boots)
Stlth   ..........              (no amulet)
HPRegen 1.12/turn               (no ring)
MPRegen 0.10/turn               (no ring)

@: strong-willed, on berserk cooldown, regenerating, slowed, very slow
A: small, no large weapons, nightstalker 3
a: Renounce Religion, Berserk, Trog's Hand


You were on level 4 of the Dungeon.
You worshipped Trog.
Trog was pleased with you.
You visited 1 branch of the dungeon, and saw 4 of its levels.
You also visited: Ossuary.

You collected 109 gold pieces.

Inventory:

Hand Weapons
 a - a +0 short sword (weapon)
 s - a +1 vampiric demon trident
Missiles
 i - a throwing net (quivered)
Armour
 b - a +0 animal skin
 m - a +0 chain mail (worn)
Jewellery
 l - a ring of magical power
Scrolls
 d - a scroll of acquirement {unknown}
 e - 2 scrolls of silence {unknown}
 f - 2 scrolls of teleportation {unknown}
 g - a scroll of immolation {unknown}
 h - a scroll of enchant armour {unknown}
 k - a scroll of amnesia {unknown}
 o - a scroll of identify {unknown}
 v - a scroll of fear {unknown}
 x - a scroll of magic mapping {unknown}
 y - a scroll of enchant weapon {unknown}
Potions
 c - a potion of flight {unknown}
 j - a potion of resistance {unknown}
 n - 2 potions of heal wounds {unknown}
 p - a potion of mutation {unknown}
 q - 2 potions of curing {unknown}
 r - a potion of lignification {unknown}
 t - a potion of might {unknown}
 u - a potion of attraction {unknown}
 w - a potion of degeneration {unknown}


   Skills:
 - Level 3.2 Fighting
 - Level 8.3 Short Blades
 * Level 1.6 Polearms
 - Level 1.5 Armour
 - Level 2.4 Dodging


You had 5 spell levels left.
You didn't know any spells.
Your spell library was empty.

Dungeon Overview and Level Annotations

Branches:
Dungeon (3/15)            Ossuary (visited)

Altars:


Innate Abilities, Weirdness & Mutations

You are small and have problems with some larger weapons.
You are completely attuned to the shadows.


Message History

The puff of flame misses you.
The orc hits you with a +1 whip of flaming.
The orc burns you. Something hits you.
The orc hits you with a +1 whip of flaming.
The orc burns you.
You hit the orc but do no damage. Something hits you.
The orc barely misses you.
You hit the orc but do no damage.
You hear some strange, mumbled words.
A puff of flame appears from out of thin air!
The puff of flame hits you!
* * * LOW HITPOINT WARNING * * *
The hobgoblin hits you.
* * * LOW HITPOINT WARNING * * *
The orc hits you with a +1 whip of flaming.
* * * LOW HITPOINT WARNING * * *
The orc burns you.
* * * LOW HITPOINT WARNING * * *
You hit the orc but do no damage.
You hear some strange, mumbled words.
A magic dart appears from out of thin air!
The magic dart hits you.
* * * LOW HITPOINT WARNING * * *
The hobgoblin hits you.
* * * LOW HITPOINT WARNING * * *
The orc hits you with a +1 whip of flaming.
* * * LOW HITPOINT WARNING * * *
The orc burns you.
* * * LOW HITPOINT WARNING * * *
You hit the orc.
The orc is heavily wounded.
Something hits you but does no damage.
The hobgoblin hits you but does no damage.
The orc hits you but does no damage.
You hit the orc but do no damage.
The orc is heavily wounded.
You hear some strange, mumbled words.
A magic dart appears from out of thin air!
The magic dart hits you.
You die...

. #.#~~~~# ..
#.#~~~~#.... #
#.##†~##.#.. ##
###..#†~#....## .#
#....'##'.....## ..#
#...............# ..#
#...............#
.....................
...# ..........<@...#
... .....o{g.## ..#
.......## ..[ ......#
... ..<...# ... ...
.## ##


You could see an orc and a hobgoblin.

Vanquished Creatures
  2 water moccasin zombies (Ossuary)
  2 orc wizards (D:4)
  2 mummies (Ossuary)
  4 adder zombies (Ossuary)
  A dart slug (D:2)
  3 orcs (D:4)
  4 endoplasms
  4 giant cockroaches (D:4)
  5 gnoll zombies (Ossuary)
  3 goblins
  5 hobgoblins
  2 jackals (D:1)
  2 kobolds
  A quokka (D:4)
  3 ball pythons (D:1)
  4 bats
  3 frilled lizards
  8 hobgoblin zombies (Ossuary)
  7 kobold zombies (Ossuary)
  3 orc zombies (Ossuary)
  3 rats
71 creatures vanquished.

Notes
Turn   | Place    | Note
-------+----------+-------------------------------------------
     0 | D:1      | EvilAshe the Kobold Berserker began the quest for the Orb.
     0 | D:1      | Reached XP level 1. HP: 14/14 MP: 1/1
   168 | D:1      | Reached XP level 2. HP: 11/19 MP: 2/2
   355 | D:1      | Reached skill level 5 in Short Blades
   522 | D:1      | Found a faded altar of an unknown god.
   616 | D:1      | Reached XP level 3. HP: 23/23 MP: 3/3
   941 | D:2      | Reached ** piety under Trog
  1311 | D:2      | You fall into a shaft and drop 2 floors!
  1417 | D:4      | Found a sand-covered staircase.
  1423 | Ossuary  | Entered an ossuary
  1486 | Ossuary  | Reached skill level 6 in Short Blades
  1557 | Ossuary  | Reached skill level 7 in Short Blades
  1557 | Ossuary  | Reached XP level 4. HP: 28/28 MP: 4/4
  1557 | Ossuary  | Reached XP level 5. HP: 32/32 MP: 5/5
  1836 | Ossuary  | Reached skill level 8 in Short Blades
  1937 | Ossuary  | Reached XP level 6. HP: 37/37 MP: 6/6
  2122 | D:4      | Reached skill level 1 in Polearms
  2144 | D:4      | Killed from afar by an orc wizard

Illustrated notes

Levels and vault maps discovered:
D:1:      saegor_arrival_simple_b, layout_rooms, basic_ecumenical_altar
D:2:      minmay_razor_zed, layout_basic, serial_shops, shop_fountains,
          minmay_snake_closets
D:3:      minmay_octagon_keep, layout_basic, nicolae_overflow_hidden_temple,
          uniq_grinder, uniq_sigmund
D:4:      layout_cave_pods, nicolae_gozag_cash_rules_everything_around_me,
          gup_sewer_entry_bowl, lightli_ossuary_entry_decrepit_ruins

Skill      XL: |  1  2  3  4  5  6 |
---------------+-------------------+-----
Short Blades   | 5 7 8 |  8.3
Polearms       | 1 |  1.6
Fighting       | |  3.2
Armour         | |  1.5
Dodging        | |  2.4

Action                   |  1- 3 |  4- 6 || total
-------------------------+-------+-------++-------
Melee: Short sword       |   167 |   153 ||   320
       Punch             |     2 |     3 ||     5
Invok: Berserk           |     3 |     3 ||     6
       Trog's Hand       |       |     2 ||     2
 Stab: Sleeping          |     8 |       ||     8
Armor: Animal skin       |     8 |       ||     8
       Chain mail        |    24 |    49 ||    73
Dodge: Dodged            |    66 |    35 ||   101
